[Event "ICC tourney 2715 (40 10)"]
[Site "Internet Chess Club"]
[Date "2021.10.23"]
[Round "5"]
[White "MENON, ROHAN Dileep:KIDFIRE"]
[Black "Zilbermintz, Lev:chessrex"]
[Result "0-1"]
[ICCResult "White checkmated"]
[WhiteElo "1542"]
[BlackElo "1734"]
[Opening "Queen's pawn: Charlick (Englund) gambit"]
[ECO "A40"]
[NIC "QO.17"]
[Time "20:00:22"]
[PlyCount "160"]
[TimeControl "2400+10"]

1. d4 e5 2. dxe5 Nc6 3. f4 f6 4. exf6 Nxf6 5. Nf3 d5 6. g3 Bc5 7. Bg2 O-O 8.
Ng5 h6 9. Nf3 Ng4 10. Rf1 Ne3 11. Bxe3 Bxe3 12. Ne5 Nxe5 13. fxe5 Rxf1+ 14.
Bxf1 c6 15. Qd3 Qb6 16. Nc3 Bf2+ 17. Kd1 Be6 18. Rb1 Rf8 19. Bg2 Bf5 20. e4
dxe4 21. Bxe4 Rd8 22. Bd5+ cxd5 23. Qxf5 Qe3 24. Ne2 d4 25. Qf4 Re8 26. Qxe3
Bxe3 27. c3 Rxe5 28. cxd4 Bxd4 29. Nxd4 Rd5 30. Kc2 Rxd4 31. Re1 Rd7 32.
Re8+ Kf7 33. Ra8 a6 34. Rc8 Re7 35. Kb3 Ke6 36. Rc4 Kd5 37. Rg4 g5 38. Kc3
Re3+ 39. Kd2 Re6 40. Kd3 Rf6 41. Rd4+ Kc6 42. Re4 Kd5 43. Rd4+ Kc5 44. Rc4+
Kb6 45. b4 Rf2 46. Rc2 Rxc2 47. Kxc2 Kb5 48. Kc3 b6 49. Kb3 g4 50. a4+ Kc6
51. Kc4 a5 52. b5+ Kd6 53. Kd4 h5 54. Ke4 Kc5 55. Ke5 Kb4 56. Kd6 Kxa4 57.
Kc6 Kb4 58. Kxb6 a4 59. Kc6 a3 60. b6 a2 61. b7 a1=Q 62. b8=Q+ Kc4 63. Qb5+
Kd4 64. Qd5+ Ke3 65. Qb3+ Kf2 66. Qf7+ Kg2 67. Qxh5 Qf6+ 68. Kd5 Qf3+ 69.
Ke5 Kh1 70. Ke6 Kg2 71. Qf5 Kxh2 72. Qxf3 gxf3 73. g4 f2 74. g5 f1=Q 75. g6
Qf8 76. Ke5 Qg7+ 77. Kf5 Kh3 78. Kg5 Kg3 79. Kh5 Kf4 80. Kh4 Qh6#
{White checkmated}
0-1

[Event "ICC tourney 2715 (40 10)"]
[Site "Internet Chess Club"]
[Date "2021.10.23"]
[Round "5"]
[White "PUPPALLA, PRANAY:checkmate1823"]
[Black "TREUSDELL, ROSS G:IveDoneEnough"]
[Result "1-0"]
[ICCResult "Black resigns"]
[WhiteElo "1611"]
[BlackElo "1797"]
[Opening "Queen's pawn: London system"]
[ECO "A45"]
[NIC "QP.07"]
[Time "20:00:12"]
[PlyCount "90"]
[TimeControl "2400+10"]

1. d4 Nf6 2. Bf4 g6 3. Nc3 d5 4. e3 Bg7 5. h4 c5 6. Nb5 Qa5+ 7. c3 Na6 8.
Nf3 Bd7 9. Na3 O-O 10. Ne5 cxd4 11. exd4 Qb6 12. Qd2 Qe6 13. Be2 Ne4 14. Qc1
Bc6 15. Bg4 Qf6 16. f3 h5 17. Bd7 Ng3 18. Bxg3 Bxd7 19. Nxd7 Qe6+ 20. Ne5 f6
21. Qe3 fxe5 22. Bxe5 Rf5 23. f4 Bxe5 24. dxe5 b6 25. Nc2 Rff8 26. O-O-O Nc5
27. Nb4 Qg4 28. Nxd5 Rae8 29. Rh3 Ne6 30. Rg3 Qf5 31. Rf1 Kh7 32. Qd3 Nc5
33. Qxf5 Rxf5 34. Rg5 Rxg5 35. fxg5 Kg7 36. Kc2 Nd7 37. e6 Ne5 38. Nb4 Rd8
39. Rd1 Rc8 40. Rd5 Ng4 41. Rd7 Kf8 42. Nd5 Rc6 43. Nf4 Rc4 44. Nxg6+ Kg7
45. Nxe7 Re4 {Black resigns} 1-0

[Event "ICC tourney 2715 (40 10)"]
[Site "Internet Chess Club"]
[Date "2021.10.23"]
[Round "5"]
[White "CHAN, ETHAN:ChessyEthan"]
[Black "ACKERMAN, RYAN:RyanTime"]
[Result "0-1"]
[ICCResult "White checkmated"]
[WhiteElo "1382"]
[BlackElo "1744"]
[Opening "French: Wing gambit"]
[ECO "C00"]
[NIC "FR.01"]
[Time "20:01:06"]
[PlyCount "84"]
[TimeControl "2400+10"]

1. e4 e6 2. Nf3 d5 3. e5 c5 4. b4 cxb4 5. d4 Nc6 6. a3 Bd7 7. axb4 Bxb4+ 8.
c3 Ba5 9. Bd3 Nge7 10. O-O a6 11. Ba3 b5 12. Ng5 h6 13. Qh5 g6 14. Qh3 Nf5
15. Bxf5 exf5 16. f4 Be6 17. Nxe6 fxe6 18. g4 Qd7 19. gxf5 gxf5 20. Kf2
O-O-O 21. Nd2 Nxd4 22. cxd4 Bxd2 23. Ke2 Ba5 24. Rfc1+ Kb7 25. Bd6 Rc8 26.
Rcb1 Rc2+ 27. Kf1 Bb6 28. Qd3 Qc6 29. Rd1 Qc4 30. Qxc4 Rxc4 31. Ke2 Rxd4 32.
Rg1 Re4+ 33. Kf3 Bxg1 34. Rxg1 d4 35. Rg7+ Kb6 36. Bb4 a5 37. Bd2 Rc8 38.
Re7 Rc6 39. Rh7 Rc2 40. Rxh6 Rxd2 41. Rxe6+ Kc5 42. Rf6 Re3# {White
checkmated} 0-1

[Event "ICC tourney 2715 (40 10)"]
[Site "Internet Chess Club"]
[Date "2021.10.23"]
[Round "5"]
[White "Feng, Jay:TheDeadlyPawn"]
[Black "VIDENA, DANIEL TUAPEN:Davide25"]
[Result "1-0"]
[ICCResult "Black resigns"]
[WhiteElo "1358"]
[BlackElo "1651"]
[Opening "Queen's pawn: London system"]
[ECO "A45"]
[NIC "QP.07"]
[Time "20:00:15"]
[PlyCount "162"]
[TimeControl "2400+10"]

1. d4 Nf6 2. Bf4 d5 3. e3 Bf5 4. c4 e6 5. Nc3 Nbd7 6. Qb3 dxc4 7. Qxc4 c6 8.
Nf3 Be7 9. Be2 O-O 10. h3 Rc8 11. O-O c5 12. Qb5 Qb6 13. Rac1 Rfd8 14. Rfd1
Ne4 15. Nxe4 Bxe4 16. Qxb6 axb6 17. Rc3 Bf6 18. Rdc1 Nb8 19. Rb3 Nd7 20.
dxc5 bxc5 21. Nd2 Bd5 22. Bc4 b6 23. e4 Bc6 24. Bb5 Bxb5 25. Rxb5 Rc6 26.
Nc4 e5 27. Be3 Nf8 28. Rxb6 Rdc8 29. Rxc6 Rxc6 30. Nd2 Ne6 31. Nb3 Be7 32.
Kf1 Rc7 33. Rc4 Kf8 34. Ke1 Ke8 35. Kd2 Kd7 36. Nc1 g5 37. Nd3 f6 38. g3 Nd4
39. Kc3 Bd6 40. a4 Rc6 41. b3 Kc7 42. Kb2 Kb6 43. Ka3 Ka5 44. Bxd4 exd4 45.
f4 Rc7 46. e5 fxe5 47. fxe5 Bf8 48. Nxc5 Kb6 49. b4 d3 50. Kb3 Bxc5 51. Rxc5
Rd7 52. Rc1 d2 53. Rd1 Rd3+ 54. Kc4 Rxg3 55. Rxd2 Rxh3 56. a5+ Kb7 57. Kc5
Rh6 58. Rd6 Rh3 59. a6+ Kc7 60. Rc6+ Kd7 61. a7 Ra3 62. e6+ Ke7 63. Rc7+
Kxe6 64. b5 g4 65. Rxh7 g3 66. Rg7 g2 67. b6 Ra5+ 68. Kc6 Ra2 69. Kb7 Kf6
70. Rxg2 Rxg2 71. a8=Q Rg7+ 72. Ka6 Rg3 73. Qc6+ Kg5 74. Qd5+ Kh4 75. Qe4+
Kh3 76. b7 Ra3+ 77. Kb6 Rb3+ 78. Kc7 Kg3 79. Qe5+ Kf2 80. b8=Q Rxb8 81. Kxb8
Kf3 {Black resigns} 1-0

[Event "ICC tourney 2715 (40 10)"]
[Site "Internet Chess Club"]
[Date "2021.10.23"]
[Round "5"]
[White "CAI, ALAN ZHUOCHENG:flying-ninja"]
[Black "XU, JOEY:JoeyXu"]
[Result "0-1"]
[ICCResult "White resigns"]
[WhiteElo "1379"]
[BlackElo "1391"]
[Opening "French: Winawer (Nimzovich) variation"]
[ECO "C15"]
[NIC "FR.08"]
[Time "20:00:09"]
[PlyCount "78"]
[TimeControl "2400+10"]

1. e4 e6 2. d4 d5 3. Nc3 Bb4 4. Bd3 Nf6 5. e5 Nfd7 6. Nf3 c5 7. dxc5 Bxc5 8.
O-O Nc6 9. Re1 Qb6 10. Re2 Qc7 11. Bb5 a6 12. Bxc6 bxc6 13. Bf4 Rb8 14. b3
Bb4 15. Na4 a5 16. c3 Be7 17. Rc1 Ba6 18. Re1 Nc5 19. Nb2 Ne4 20. Rc2 Bc5
21. Bg3 O-O 22. c4 Bb4 23. Re3 Qa7 24. cxd5 cxd5 25. Nd4 Bb7 26. Nc6 Bxc6
27. Rxc6 Bc5 28. Rxe4 dxe4 29. Qc2 Rfc8 30. Rxc8+ Rxc8 31. Qxe4 Bxf2+ 32.
Kf1 Bxg3 33. hxg3 Qa6+ 34. Kf2 Qb6+ 35. Ke2 Qc6 36. Qxc6 Rxc6 37. Nc4 Rc5
38. Kd3 f6 39. exf6 gxf6 {White resigns} 0-1

[Event "ICC tourney 2715 (40 10)"]
[Site "Internet Chess Club"]
[Date "2021.10.23"]
[Round "5"]
[White "Fong, Kevin:kleong12"]
[Black "OPASKA, MICHAEL:mopaska1106"]
[Result "0-1"]
[ICCResult "White resigns"]
[WhiteElo "1759"]
[BlackElo "1845"]
[Opening "Sicilian: Nimzovich-Rossolimo attack (with ...g6, without ...d6)"]
[ECO "B31"]
[NIC "SI.31"]
[Time "20:00:17"]
[PlyCount "78"]
[TimeControl "2400+10"]

1. e4 c5 2. Nf3 Nc6 3. Bb5 g6 4. O-O Bg7 5. Re1 Nf6 6. e5 Nd5 7. Nc3 Nc7 8.
Bxc6 dxc6 9. d3 O-O 10. Ne4 Ne6 11. Be3 b6 12. Qd2 Qc7 13. Bh6 Bd7 14. h4
Rad8 15. h5 Nd4 16. Nxd4 cxd4 17. Bxg7 Kxg7 18. Qg5 Be6 19. h6+ Kh8 20. f4
Rc8 21. g4 Bd5 22. Nf6 Qd8 23. Nxd5 cxd5 24. Re2 Rg8 25. e6 f6 26. Qh4 g5
27. Qf2 Qf8 28. Qxd4 gxf4 29. Qxf4 Rg5 30. Rh2 Qg8 31. Kh1 Rxg4 32. Qe3 Qg6
33. Rg1 Rg8 34. Rf1 Rg2 35. Rh4 Rxc2 36. Qf3 Rg2 37. Qe3 Rg3 38. Qf2 d4 39.
Rc1 Qg5 {White resigns} 0-1

[Event "ICC tourney 2715 (40 10)"]
[Site "Internet Chess Club"]
[Date "2021.10.23"]
[Round "5"]
[White "VALE CRUZ, ARMIN:trucker"]
[Black "JAMMALAMADAKA, VIHAAN:smashattack"]
[Result "0-1"]
[ICCResult "White resigns"]
[WhiteElo "1687"]
[BlackElo "1550"]
[Opening "Réti: King's Indian attack (Barcza system)"]
[ECO "A07"]
[NIC "QP.09"]
[Time "20:00:18"]
[PlyCount "62"]
[TimeControl "2400+10"]

1. Nf3 d5 2. g3 Nf6 3. Bg2 c5 4. d3 Nc6 5. O-O e5 6. c3 Be7 7. Qc2 O-O 8.
Nbd2 Qc7 9. e4 Rd8 10. Re1 h6 11. exd5 Nxd5 12. Nc4 Bf6 13. Ne3 Nxe3 14.
Bxe3 Bf5 15. Bxc5 Bxd3 16. Qa4 b5 17. Qg4 e4 18. Bd4 h5 19. Qxh5 exf3 20.
Bxf6 gxf6 21. Qxf3 Rd6 22. Rad1 Rad8 23. Rxd3 Rxd3 24. Qg4+ Kf8 25. Be4 Ne5
26. Qh5 Rd2 27. h4 Qc5 28. Re3 Rxf2 29. Qh6+ Ke7 30. b4 Ng4 31. bxc5 Rd1+
{White resigns}
0-1

[Event "ICC tourney 2715 (40 10)"]
[Site "Internet Chess Club"]
[Date "2021.10.23"]
[Round "5"]
[White "KURBANOV, ABROR:Abror"]
[Black "SCHWARCZ, MARK LEO:mikelawn"]
[Result "1-0"]
[ICCResult "Black resigns"]
[WhiteElo "1805"]
[BlackElo "1531"]
[Opening "French: advance variation"]
[ECO "C02"]
[NIC "FR.03"]
[Time "20:01:06"]
[PlyCount "87"]
[TimeControl "2400+10"]

1. e4 e6 2. d4 d5 3. e5 c5 4. c3 Qb6 5. Nf3 Nc6 6. a3 a5 7. Bd3 Bd7 8. Bc2
Rc8 9. O-O Be7 10. Qd3 h5 11. Nbd2 Nh6 12. dxc5 Bxc5 13. Nb3 Be7 14. Nbd4
Ng4 15. Nxc6 Bxc6 16. h3 Bb5 17. Ba4 Bxa4 18. hxg4 Bb5 19. Qd1 Bxf1 20. Qxf1
hxg4 21. Nd4 Bc5 22. Qd3 Bxd4 23. cxd4 Kd8 24. b4 Rc4 25. Bg5+ Kc8 26. Rd1
a4 27. Qe3 Qc7 28. Qf4 f5 29. g3 b5 30. Bh4 Rxh4 31. gxh4 Qe7 32. Kg2 Rc3
33. Qd2 Qc7 34. Qg5 Qf7 35. h5 Rh3 36. Qc1+ Qc7 37. Qd2 Rc3 38. h6 gxh6 39.
Qxh6 Rh3 40. Qxe6+ Qd7 41. Rc1+ Kd8 42. Qf6+ Ke8 43. Rc6 f4 44. Re6+
{Black resigns}
1-0

[Event "ICC tourney 2715 (40 10)"]
[Site "Internet Chess Club"]
[Date "2021.10.23"]
[Round "5"]
[White "GUO, ELLA:SunnyCountry"]
[Black "BRUDNO, STEPHEN:StevChess01"]
[Result "1-0"]
[ICCResult "Black resigns"]
[WhiteElo "1195"]
[BlackElo "1607"]
[Opening "Sicilian: O'Kelly variation"]
[ECO "B28"]
[NIC "SI.43"]
[Time "20:00:17"]
[PlyCount "79"]
[TimeControl "2400+10"]

1. e4 c5 2. Nf3 a6 3. d4 cxd4 4. Nxd4 Nf6 5. Nc3 e5 6. Nf3 Bb4 7. Bd3 d5 8.
exd5 e4 9. O-O Bxc3 10. bxc3 O-O 11. c4 exd3 12. Qxd3 h6 13. Bb2 b5 14. Rad1
bxc4 15. Qxc4 Nbd7 16. Qd3 Rb8 17. Ba3 Re8 18. c4 Ne5 19. Nxe5 Rxe5 20. d6
Nd7 21. Qd4 Ra5 22. Bb2 Qf6 23. Qd2 Qf5 24. a3 Rc5 25. Rc1 Nb6 26. Qd4 f6
27. Rfe1 Bd7 28. Re3 Rbc8 29. Re4 Qg5 30. g3 Na4 31. Re7 Nxb2 32. Qxb2 Qf5
33. Qb7 Rd8 34. Qb6 Qg5 35. Qxd8+ Kh7 36. Rce1 Bc6 37. Qf8 Rxc4 38. d7 Rc1
39. d8=Q Rxe1+ 40. Rxe1 {Black resigns} 1-0

[Event "ICC tourney 2715 (40 10)"]
[Site "Internet Chess Club"]
[Date "2021.10.23"]
[Round "5"]
[White "DIAO, MATTHEW GUO:MatthewDiao"]
[Black "Mason, Mike W:MikeWMason"]
[Result "1-0"]
[ICCResult "Black resigns"]
[WhiteElo "1510"]
[BlackElo "1614"]
[Opening "QGD: Albin counter-gambit"]
[ECO "D08"]
[NIC "QG.02"]
[Time "20:01:06"]
[PlyCount "155"]
[TimeControl "2400+10"]

1. d4 d5 2. c4 e5 3. e3 exd4 4. exd4 Nf6 5. Nc3 Be7 6. h3 O-O 7. Nf3 Re8 8.
Be2 dxc4 9. O-O Be6 10. Ne5 Na6 11. Bxc4 Bxc4 12. Nxc4 c6 13. Ne5 Bd6 14.
Nf3 Qc7 15. a3 Qd7 16. Qc2 Nc7 17. b3 h6 18. Bb2 Ncd5 19. Rfe1 Rxe1+ 20.
Rxe1 Re8 21. Ne5 Qc7 22. Ne4 Nxe4 23. Rxe4 f6 24. Nc4 Rxe4 25. Qxe4 Bf8 26.
Ne3 Qe7 27. Qf3 Qe6 28. Nxd5 Qxd5 29. Qe3 Qd7 30. a4 Kf7 31. Bc1 Qe6 32. Qc3
Bd6 33. Bd2 Ke7 34. Kf1 Qe4 35. Qe3 f5 36. Ke2 Ke6 37. Qxe4+ fxe4 38. Ke3
Kd5 39. Bc3 Be7 40. f4 exf3 41. Kxf3 Bf6 42. Kf4 Bxd4 43. Bd2 Ke6 44. Ke4
Bg1 45. Bc3 g6 46. b4 b6 47. Be5 Bf2 48. Bb8 a5 49. bxa5 bxa5 50. Bc7 Be1
51. Bb6 Bb4 52. Be3 h5 53. Kd4 Kf5 54. Bc1 g5 55. Be3 g4 56. Bh6 gxh3 57.
gxh3 Kg6 58. Bf4 Kf5 59. Bh6 c5+ 60. Kd5 Ba3 61. Be3 Bb4 62. Bxc5 Bxc5 63.
Kxc5 Kf4 64. Kb5 Kg3 65. Kxa5 Kxh3 66. Kb6 Kg3 67. a5 h4 68. a6 h3 69. a7
Kf2 70. a8=Q Kg1 71. Qa1+ Kg2 72. Qb2+ Kg1 73. Qc1+ Kg2 74. Qd2+ Kg1 75.
Qe3+ Kg2 76. Qg5+ Kf2 77. Qh4+ Kg2 78. Qg4+ {Black resigns} 1-0